Map: Oiseau de foudre EC

Players

zuka

  • Race: Protoss Protoss
  • League: Master
  • Spawn Location: 5:00

IA (très facile) - Winner!

  • Race: Zerg Zerg
  • Spawn Location: 11:00

VOD

Have the link to the VOD?

Description

Time

  • Played on: Oct. 18, 2019, 11:55 a.m.
  • Length: 3:48
Show
View Real Time Build Order
Export as new Build Order

zuka Protoss 

Build Orders:  

Get SALT Encoding   

  12  0:01  Probe  
  13  0:13  Probe  
  14  0:20  Pylon  
  14  0:25  Probe (Chrono Boost)  
  15  0:40  Probe (Chrono Boost)  
  16  0:45  Probe (Chrono Boost)  
  17  0:55  Probe  
  18  1:06  Nexus  
  18  1:14  Gateway  
  18  1:17  Probe  
  19  1:25  Assimilator  
  19  1:29  Probe  
  19  1:30  Assimilator  
  20  1:41  Probe  
  20  1:43  Gateway  
  21  1:53  Probe  
  22  2:01  Cybernetics Core  
  22  2:05  Probe  
  22  2:07  Pylon  
  23  2:18  Probe (Chrono Boost)  
  23  2:22  Probe (Chrono Boost)  
  25  2:29  Probe (Chrono Boost)  
  27  2:32  Probe (Chrono Boost)  
  27  2:34  Probe (Chrono Boost)  
  27  2:35  Adept x2 (Chrono Boost)  
  28  2:42  Probe  
  33  2:45  Probe  
  34  2:52  Stargate  
  34  2:54  Probe  
  35  3:01  Stalker  
  35  3:03  Probe  
  38  3:07  Probe  
  39  3:15  Probe  
  39  3:18  Pylon  
  39  3:19  Probe  
  41  3:35  Probe x2  
Show
View Real Time Build Order
Export as new Build Order

IA (très facile) Zerg - Winner!

Build Orders: Pool Only 

Get SALT Encoding   

  12  0:01  Drone  
  13  0:13  Overlord  
  13  0:16  Drone  
  14  0:34  Spawning Pool  
  13  0:37  Drone  
  13  0:41  Extractor  
  13  0:44  Drone  
  14  0:52  Overlord  
  14  1:21  Zergling x2, Queen  
  17  1:29  Roach Warren  
  17  1:31  Extractor  
  15  1:35  Drone  
  15  1:39  Zergling x2  
  17  1:42  Drone  
  18  1:56  Zergling x2  
  18  1:57  Drone  
  20  2:07  Drone  
  21  2:18  Drone  
  22  2:27  Drone  
  22  2:29  Overlord  
  23  2:35  Drone  
  24  2:42  Drone  
Tags
 
League
Master
Matchup
PvZ
Opening
Pool Only
Spawn Locations
Cross Positions
Add a new tag
Caveats
  • Supply blocks, unpowered buildings, or Contaminate may cause inaccurate times.
  • Supply counts are checked every 10 seconds.